 Dungeon Crawl Stone Soup version 0.29-a0-414-g5075937ec3 (webtiles) character file.

Game seed: 10294162342320886341

665 zazu2006 the Magician (level 7, 0/60 HPs)
             Began as a Naga Hedge Wizard on May 16, 2022.
             Was an Initiate of Vehumet.
             Succumbed to a water moccasin's poison
             ... on level 6 of the Dungeon.
             The game lasted 00:11:32 (6775 turns).

zazu2006 the Magician (Naga Hedge Wizard)           Turns: 6775, Time: 00:11:32

Health: 0/60       AC:  3    Str: 12    XL:     7   Next: 57%
Magic:  12/14      EV: 10    Int: 16    God:    Vehumet [......]
Gold:   253        SH:  0    Dex: 11    Spells: 6/15 levels left

rFire   + . .      SeeInvis +   w - +0 long sword
rCold   + . .      Faith    .   (no shield)
rNeg    . . .      Spirit   .   b - +0 robe
rPois   +          Reflect  .   c - +0 hat
rElec   .          Harm     .   (no cloak)
rCorr   .          Rampage  .   (no gloves)
Will    .....                   (no barding)
Stlth   ++........              (no amulet)
HPRegen 0.20/turn               t - ring of protection from fire
MPRegen 0.14/turn               (no ring)

@: lethally poisoned (0 -> -2), attractive, very slow
A: AC +2, large, see invisible, deformed body, poison resistance, slowness 2,
spit poison 1, naga tail 1, stinger 1, cold resistance 1, subdued magic 1,
MP-powered wands
a: Spit Poison, Renounce Religion


You were on level 6 of the Dungeon.
You worshipped Vehumet.
Vehumet was noncommittal.
You visited 2 branches of the dungeon, and saw 7 of its levels.

You collected 253 gold pieces.

Inventory:

Hand Weapons
 a - a +0 dagger
 w - a +0 long sword (weapon)
Missiles
 l - 14 poisoned darts
Armour
 b - a +0 robe (worn)
 c - a +0 hat (worn)
Jewellery
 t - a ring of protection from fire (left hand)
Wands
 o - a wand of acid (6)
Scrolls
 e - 2 scrolls of blinking {unknown}
 f - a scroll of enchant armour {unknown}
 h - a scroll of immolation {unknown}
 m - 8 scrolls of identify {unknown}
 n - a scroll of poison {unknown}
 p - 2 scrolls of fog {unknown}
 q - 2 scrolls of magic mapping {unknown}
 s - 2 scrolls of noise {unknown}
 u - 2 scrolls of enchant weapon {unknown}
 x - a scroll of silence {unknown}
Potions
 d - a potion of magic
 g - 2 potions of cancellation
 i - 3 potions of lignification
 j - a potion of brilliance
 k - 4 potions of haste
 r - a potion of attraction
 A - a potion of flight


   Skills:
 + Level 2.0 Fighting
 + Level 2.5 Long Blades
 + Level 2.6 Dodging
 + Level 4.2 Stealth
 + Level 4.9 Spellcasting
 + Level 3.0 Conjurations
 + Level 1.0 Summonings
 + Level 1.0 Translocations
 * Level 4.2 Poison Magic


You had 6 spell levels left.
You knew the following spells:

 Your Spells              Type           Power      Damage    Failure   Level
a - Magic Dart            Conj           40%        1d5       3%          1
b - Mephitic Cloud        Conj/Pois/Air  8%         N/A       14%         3
c - Conjure Flame         Conj/Fire      6%         6-21      22%         3
d - Blink                 Tloc           10%        N/A       13%         2

Your spell library contained the following spells:

 Spells                   Type           Power      Damage    Failure   Level
 Animate Skeleton         Necr           6%         N/A       13%         1
 Pain                     Necr           12%        1d4       13%         1
 Slow                     Hex            12%        N/A       13%         1
 Call Imp                 Summ           5%         N/A       13%         2
 Tukima's Dance           Hex            3%         N/A       38%         3
 Vampiric Draining        Necr           3%         2d6       38%         3
 Anguish                  Hex/Necr       1%         N/A       80%         4
 Enfeeble                 Hex            1%         N/A       100%        7


Dungeon Overview and Level Annotations

Branches:
Dungeon (6/15)             Temple (1/1) D:6

Altars:
Gozag
Hepliaklqana
Uskayaw
Vehumet

Shops:
D:4 *

Annotations:
D:4 1 transporter, purpskrrrp's ghost, weakling HODe


Innate Abilities, Weirdness & Mutations

Your serpentine skin is tough. (AC +2)
You have supernaturally acute eyesight. (SInv)
Armour fits poorly on your strangely shaped body.
Your system is resistant to poisons. (rPois)
You cover ground very slowly.
You can spit poison.
You have a snake-like lower body.
Your tail ends in a venomous barb.
Your flesh is cold resistant. (rC+)
Your spells are a little easier to cast, but a little less powerful.
You expend magic power (3 MP) to strengthen your wands.


Message History

* * * LOW HITPOINT WARNING * * *
You feel very sick.
The water moccasin bites you but does no damage.
The water moccasin closely misses you.
You closely miss the water moccasin.
The water moccasin is severely wounded.
You feel sick. The water moccasin bites you.
* * * LOW HITPOINT WARNING * * *
You miss the water moccasin.
The water moccasin is severely wounded.
You feel sick. The water moccasin bites you.
* * * LOW HITPOINT WARNING * * *
The water moccasin bites you.
* * * LOW HITPOINT WARNING * * *
It was a potion of mutation.
You feel extremely strange.
You feel resistant to cold.
Your connection to magic feels subdued.
You feel your magical essence link to the dungeon's wands.
A venomous barb forms on the end of your tail.
You feel less invigorated.
You feel less confused.
You feel sick. The water moccasin bites you.
* * * LOW HITPOINT WARNING * * *
The water moccasin closely misses you.
Casting: Magic Dart (safe; 3% risk of failure)
Confirm with . or Enter, or press ? or * to list all spells.
Aiming: Magic Dart (safe; 3% risk of failure)
Press: ? - help, Shift-Dir - straight line, f/p - water moccasin
Aim: a water moccasin (severely wounded, 100% to hit)
The magic dart hits the water moccasin.
The water moccasin is almost dead.
You feel sick. The water moccasin bites you.
* * * LOW HITPOINT WARNING * * *
Casting: Magic Dart (safe; 3% risk of failure)
Confirm with . or Enter, or press ? or * to list all spells.
Aiming: Magic Dart (safe; 3% risk of failure)
Press: ? - help, Shift-Dir - straight line, f/p - water moccasin
Aim: a water moccasin (almost dead, 100% to hit)
The magic dart hits the water moccasin.
The water moccasin is almost dead.
You die...

.......#....# .......
.......####.# .......
.......#..... .......
.......#.##.# .......
.......#.##.# .......
.......#.##.# .......
.........##.#
......S########.....##.#
.......@..>...+........#
.#.....###..###.....#..#
#.......#..# #.....#..#
#.#........#######.#..#
.. #.###.#..............
. #........#######.#...
..#####.######## #.#..#
................ ......
#######.##########.##..


You could see a water moccasin.

Vanquished Creatures
  A water moccasin (D:4)
  2 ogres
  A necrophage (D:5)
  A vampire bat (D:3)
  3 hounds
  An iguana (D:5)
  A gnoll (D:1)
  6 adders
  A shadow imp (D:5)
  A worm (D:2)
  5 dart slugs
  9 orcs
  12 ball pythons
  10 endoplasms
  3 giant cockroaches
  4 goblins
  10 hobgoblins
  3 jackals (D:4)
  6 kobolds
  2 quokkas
  14 bats
  A frilled lizard (D:2)
  7 rats
104 creatures vanquished.

Notes
Turn   | Place    | Note
-------+----------+-------------------------------------------
     0 | D:1      | zazu2006 the Naga Hedge Wizard began the quest for the Orb.
     0 | D:1      | Reached XP level 1. HP: 15/15 MP: 4/4
   470 | D:1      | Found a faded altar of an unknown god.
   493 | D:1      | Noticed a floating eye
   497 | D:1      | Noticed a golden eye
   497 | D:1      | Noticed a great orb of eyes
   497 | D:1      | Noticed a golden eye
   503 | D:1      | Reached XP level 2. HP: 22/22 MP: 3/6
   892 | D:1      | Reached XP level 3. HP: 15/28 MP: 1/8
   896 | D:1      | Learned a level 3 spell: Mephitic Cloud
   900 | D:1      | Learned a level 3 spell: Conjure Flame
   903 | D:1      | Learned a level 2 spell: Blink
  1958 | D:2      | Reached XP level 4. HP: 36/36 MP: 2/10
  2077 | D:2      | Reached skill level 1 in Poison Magic
  2544 | D:2      | Found a hazy altar of Hepliaklqana.
  3326 | D:3      | Reached XP level 5. HP: 40/42 MP: 4/11
  3908 | D:4      | Noticed an ogre
  4222 | D:4      | Found a transporter.
  4225 | D:4      | Noticed purpskrrrp's ghost (weakling HODe)
  4225 | D:4      | Noticed a phantom
  4257 | D:4      | Noticed a water moccasin
  4291 | D:4      | Killed a water moccasin
  4292 | D:4      | Reached skill level 1 in Fighting
  4292 | D:4      | Reached skill level 1 in Long Blades
  4292 | D:4      | Reached XP level 6. HP: 12/51 MP: 0/12
  4940 | D:4      | Found Axtec's CLEARANCE SALE!.
  5518 | D:5      | Entered Level 5 of the Dungeon
  5662 | D:5      | Reached XP level 7. HP: 58/58 MP: 9/14
  6067 | D:5      | You fall into a shaft and drop 1 floor!
  6265 | D:5      | Found a hide-covered altar of Uskayaw.
  6603 | D:6      | Found a staircase to the Ecumenical Temple.
  6624 | Temple   | Entered the Ecumenical Temple
  6703 | Temple   | Became a worshipper of Vehumet
  6773 | D:6      | Gained mutation: Your flesh is cold resistant. (rC+)
                  | [potion of mutation]
  6773 | D:6      | Gained mutation: Your spells are a little easier to cast,
                  | but a little less powerful. [potion of mutation]
  6773 | D:6      | Gained mutation: You expend magic power (3 MP) to
                  | strengthen your wands. [potion of mutation]
  6773 | D:6      | Gained mutation: Your tail ends in a venomous barb. [potion
                  | of mutation]
  6774 | D:6      | HP: 1/60 [water moccasin (4)]
  6775 | D:6      | Succumbed to a water moccasin's poison

Illustrated notes

Levels and vault maps discovered:
D:1:      onia_arrival_handbag, layout_basic,
          hellmonk_ecumenical_altar_watching_god
D:2:      layout_basic, basic_altar
D:3:      layout_loops_ring, roderic_batcave
D:4:      wad_crossroads, layout_loops_ring, gammafunk_ghost_mausoleum,
          nicolae_shop_clearance
D:5:      layout_cave_pools, kennysheep_little_box
D:6:      layout_basic, nicolae_overflow_quartered_altars,
          minmay_temple_entry_wispy
Temple:   regret_index_temple_generic_petals

Skill      XL: |  1  2  3  4  5  6  7 |
---------------+----------------------+-----
Spellcasting   | 4 |  4.9
Poison Magic   | 2 3 4 |  4.2
Conjurations   | 2 3 |  3.0
Dodging        | 2 |  2.6
Fighting       | 1 2 |  2.0
Long Blades    | 1 2 |  2.5
Stealth        | 4 |  4.2
Summonings     | |  1.0
Translocations | |  1.0

Action                   |  1- 3 |  4- 6 |  7- 9 || total
-------------------------+-------+-------+-------++-------
Melee: Dagger            |    11 |     5 |       ||    16
       Rapier            |       |    32 |       ||    32
       Long sword        |       |    84 |    11 ||    95
 Cast: Magic Dart        |    72 |   128 |    56 ||   256
       Mephitic Cloud    |       |     3 |     1 ||     4
 Abil: Spit Poison       |    15 |    14 |     3 ||    32
  Use: Potion            |       |     7 |     3 ||    10
 Stab: Sleeping          |       |     4 |       ||     4
Armor: Robe              |     5 |    45 |     8 ||    58
       Skin              |       |    30 |       ||    30
Dodge: Dodged            |     8 |   114 |    19 ||   141

Table legend: (Time is in decaauts)
 A = Elapsed time spent in this place.
 B = Non-inter-level travel time spent in this place.
 C = Inter-level travel time spent in this place.
 D = Time resting spent in this place.
 E = Time spent auto-exploring this place.
 F = Levels seen in this place.
 G = Mean time per level.
                   A        B        C        D        E       F      G
               +--------+--------+--------+--------+--------+-----+--------+
         Total |   8112 |   7887 |    225 |     33 |   6938 |   7 | 1158.9 |
       Dungeon |   8007 |   7795 |    212 |     33 |   6858 |   6 | 1334.5 |
        Temple |    105 |     93 |     12 |      0 |     80 |   1 |  105.0 |
               +--------+--------+--------+--------+--------+-----+--------+

Top non-repeatable levels by time:
     D:4: 1912 daAuts
     D:1: 1845 daAuts
     D:2: 1592 daAuts
     D:3: 1257 daAuts
     D:5: 1005 daAuts
     D:6: 394 daAuts
  Temple: 105 daAuts
